 Dungeon Crawl Stone Soup version 0.22-a0-283-g1871b15 (webtiles) character file.

2758 tidbits the Martial Artist (level 9, -2/68 HPs)
             Began as a Gnoll Transmuter on Mar 19, 2018.
             Was a Follower of Cheibriados.
             Slain by a steam dragon (6 damage)
             ... on level 8 of the Dungeon.
             The game lasted 00:23:37 (2473 turns).

tidbits the Martial Artist (Gnoll Transmuter)       Turns: 2473, Time: 00:23:38

Health: -2/68      AC:  3    Str: 18    XL:     9   Next: 69%
Magic:  6/19       EV: 16    Int: 21    God:    Cheibriados [*.....]
Gold:   187        SH:  0    Dex: 18    Spells: 4/21 levels left

rFire    . . .     SeeInvis +     - Unarmed
rCold    + . .     Gourm    .   (shield currently unavailable)
rNeg     . . .     Faith    .   B - +1 robe "Ymiwk" {*Contam MR- rCorr Str+4}
rPois    .         Spirit   .   (no helmet)
rElec    .         Reflect  .   (no cloak)
rCorr    +         Harm     .   (gloves currently unavailable)
MR       .....                  (no boots)
Stlth    +++.......             (no amulet)
HPRegen  0.21/turn              t - ring of flight
MPRegen  0.16/turn              (no ring)

@: blade hands, very slightly contaminated, drained, very slow
A: distributed training, fangs 1, see invisible, cold resistance 1, MP-powered
wands, strong nose
a: End Transformation, Bend Time, Renounce Religion, Evoke Flight


You were on level 8 of the Dungeon.
You worshipped Cheibriados.
Cheibriados was aware of your devotion.
You were not hungry.
You had blades for hands.
You visited 2 branches of the dungeon, and saw 9 of its levels.
You also visited: Sewer and Ossuary.

You collected 439 gold pieces.
You spent 252 gold pieces at shops.

Inventory:

Hand Weapons
 l - a +1 shortbow of flaming
   (You took it off a centaur on level 3 of the Dungeon)
 A - a +4 spear of distortion
   (You took it off a gnoll sergeant on level 6 of the Dungeon)
 C - a +5 flail of holy wrath
   (You took it off Edmund on level 6 of the Dungeon)
 J - a +1 war axe of flaming
   (You took it off an orc wizard on level 7 of the Dungeon)
Missiles
 a - 46 arrows
 g - 4 javelins
 h - 42 stones
 o - 10 tomahawks (quivered)
Armour
 j - a +0 ring mail
 y - a +0 robe
 B - the +1 robe "Ymiwk" (worn) {*Contam MR- rCorr Str+4}
   (You found it on level 4 of the Dungeon)

   It affects your strength (+4).
   It affects your resistance to hostile enchantments.
   It causes magical contamination when unequipped.
   It protects you from acid and corrosion.
 I - a +0 leather armour of magic resistance
   (You took it off an orc priest on level 7 of the Dungeon)
Jewellery
 t - a ring of flight (left scythe-like blade)
   (You found it on level 5 of the Dungeon)
Wands
 D - a wand of enslavement (8)
 F - a wand of disintegration (10)
Scrolls
 b - a scroll of random uselessness
 i - a scroll of immolation
 m - 6 scrolls of remove curse
 n - 3 scrolls of enchant armour
 s - 3 scrolls of enchant weapon
 u - 4 scrolls of teleportation
 G - a scroll of fog
 H - a scroll of amnesia
Potions
 d - a potion of cancellation {unknown}
 e - 2 potions of agility
 f - 4 potions of curing
 k - 2 potions of lignification
 q - 2 potions of flight {unknown}
 r - 2 potions of haste
 v - 2 potions of invisibility {unknown}
 w - a potion of berserk rage {unknown}
 x - a potion of magic {unknown}
 z - a potion of might {unknown}
 E - a potion of ambrosia
Comestibles
 c - 10 rations


   Skills:
 + Level 5.2(4.2) Fighting
 + Level 4.4(3.4) Short Blades
 + Level 4.4(3.4) Long Blades
 + Level 4.4(3.4) Axes
 + Level 4.4(3.4) Maces & Flails
 + Level 4.4(3.4) Polearms
 + Level 4.4(3.4) Staves
 + Level 4.4(3.4) Slings
 + Level 4.4(3.4) Bows
 + Level 4.4(3.4) Crossbows
 + Level 4.4(3.4) Throwing
 + Level 4.4(3.4) Armour
 + Level 6.4(5.4) Dodging
 + Level 4.4(3.4) Stealth
 + Level 4.4(3.4) Shields
 + Level 8.0(6.9) Unarmed Combat
 + Level 6.7(5.7) Spellcasting
 + Level 3.6(2.7) Conjurations
 + Level 3.6(2.7) Hexes
 + Level 3.6(2.7) Charms
 + Level 3.6(2.7) Summonings
 + Level 3.6(2.7) Necromancy
 + Level 3.6(2.7) Translocations
 + Level 5.3(4.3) Transmutations
 + Level 3.6(2.7) Fire Magic
 + Level 3.6(2.7) Ice Magic
 + Level 3.6(2.7) Air Magic
 + Level 3.6(2.7) Earth Magic
 + Level 3.6(2.7) Poison Magic
 + Level 4.8(3.9) Invocations
 + Level 4.4(3.4) Evocations


You had 4 spell levels left.
You knew the following spells:

 Your Spells              Type           Power        Failure   Level  Hunger
e - Beastly Appendage     Tmut           ###...       19%         1    None
h - Blade Hands           Tmut           ###.......   82%         5    #####..
i - Ice Form              Ice/Tmut       ###.....     65%         4    ####...
k - Sticks to Snakes      Tmut           ###.....     24%         2    None
n - Animate Skeleton      Necr           N/A          26%         1    None
p - Spider Form           Tmut/Pois      ###.......   38%         3    ##.....
A - Apportation           Tloc           ###...       26%         1    None


Dungeon Overview and Level Annotations

Branches:
Dungeon (8/15)             Temple (1/1) D:6
   Lair: D:8-11

Altars:
Ashenzari
Cheibriados
Fedhas
Gozag
Hepliaklqana
Kikubaaqudgha
Makhleb
Qazlal
Sif Muna
Trog
Wu Jian

Shops:
D:7 %   D:8 ?


Innate Abilities, Weirdness & Mutations

Your experience applies equally to all skills.
You have very sharp teeth.
Your uncanny sense of smell can sniff out nearby items.
You have supernaturally acute eyesight. (SInv)
Your flesh is cold resistant. (rC+)
You expend magic power (3 MP) to strengthen your wands.


Message History

Unknown command.
Found a glowing long sword.
You see here a ration.
c - 10 rations (gained 1)
A kobold comes into view. It is wielding a short sword.
A kobold comes into view. It is wielding a dagger of draining.
A steam dragon and a big kobold come into view.
The steam dragon hisses angrily.
The kobold shouts! x2; You hear a shout! x2
The kobold throws a stone.
The stone closely misses you. The steam dragon breathes steam at you.
The ball of steam misses you.
The kobold throws a stone.
The stone closely misses you.
The kobold throws a stone.
The stone hits you but does no damage.
You see here a stone.
Casting: Blade Hands (quite dangerous; 28% risk of failure)
Confirm with . or Enter, or press ? or * to list all spells.
You miscast Blade Hands.
You are very lightly contaminated with residual magic.
Your skin glows momentarily.
The big kobold shouts!
The kobold throws a stone.
The stone hits you but does no damage.
Casting: Blade Hands (quite dangerous; 28% risk of failure)
Confirm with . or Enter, or press ? or * to list all spells.
You miscast Blade Hands.
Your skin tingles.
Casting: Blade Hands (quite dangerous; 28% risk of failure)
Confirm with . or Enter, or press ? or * to list all spells.
Your hands turn into razor-sharp scythe blades.
A kobold comes into view. It is wielding a whip.
The kobold moves out of view.
A kobold comes into view. It is wielding a short sword.
You slice the steam dragon!!
You bite the steam dragon, but do no damage.
The steam dragon is almost dead.
You hit the steam dragon.
The steam dragon is almost dead.
The steam dragon breathes steam at you. The ball of steam hits you!
* * * LOW HITPOINT WARNING * * *
The kobold moves out of view.
You slice the steam dragon!!
You kill the steam dragon!
Cheibriados thoroughly appreciates the change of pace.
The steam dragon scales are intact enough to wear.
Your Unarmed Combat skill increases to level 8!
You are engulfed in a cloud of scalding steam.
* * * LOW HITPOINT WARNING * * *
You feel much better.
You are engulfed in a cloud of scalding steam.
* * * LOW HITPOINT WARNING * * *
The kobold is engulfed in a cloud of scalding steam.
The kobold dies!
The kobold throws a stone.
The stone hits you but does no damage.
The big kobold hits you but does no damage.
The kobold closely misses you.
The kobold throws a stone.
The stone barely misses you. The big kobold completely misses you.
Things that are here:
a short sword; a stone Unknown command.
You slice the big kobold!!
You kill the big kobold!
Cheibriados appreciates the change of pace.
The kobold hits you but does no damage.
You feel drained.
You barely miss the kobold. The kobold barely misses you.
A steam dragon comes into view.
You barely miss the kobold. Your bite misses the kobold.
The kobold hits you with a short sword.
* * * LOW HITPOINT WARNING * * *
You hit the kobold but do no damage. You bite the kobold, but do no damage.
The kobold closely misses you. x2
You closely miss the kobold. The kobold barely misses you.
The kobold closely misses you.
You hit the kobold.
The kobold is severely wounded.
The kobold closely misses you. The kobold misses you.
You barely miss the kobold. Your bite misses the kobold.
The kobold is severely wounded.
The steam dragon breathes steam at you.
The ball of steam hits the kobold.
The kobold dies!
The ball of steam hits you!
* * * LOW HITPOINT WARNING * * *
The kobold barely misses you. The kobold completely misses you.
You hear an angry hiss.
The kobold hits you with a dagger of draining.
* * * LOW HITPOINT WARNING * * *
You feel drained.
The kobold hits you with a dagger of draining.
* * * LOW HITPOINT WARNING * * *
You feel drained.
Unknown command.
You feel better. The kobold hits you but does no damage.
You feel drained.
The steam dragon completely misses you. x2
You slice the steam dragon!!
The steam dragon is almost dead.
You are engulfed in a cloud of scalding steam.
* * * LOW HITPOINT WARNING * * *
The steam dragon bites you.
You die...

# #.##### ≈≈.. #.
#)#.(#§≈...#
#.####....# .D..#
#.......#.# ....#
#......#####.§.###
##.#<..§§.(##.##.####
#....(..K)§.......K.
.....####.§D†K.....##
####. ##@##(..#### #
#.##..)# #.##...#
#.###### ..# ###


You could see a steam dragon and 2 kobolds.

Vanquished Creatures
  Pikel (D:7)
  Prince Ribbit (D:7)
  A steam dragon (D:8)
  Edmund (D:6)
  An ice beast (D:5)
  3 sky beasts (D:7)
  A slave (D:7)
  A black bear (D:7)
  2 ogres
  2 centaurs
  A crocodile (Sewer)
  3 bullfrogs
  A big kobold (D:8)
  A gnoll sergeant (D:6)
  A wyvern zombie (D:7)
  2 crimson imps
  A bullfrog zombie (D:8)
  2 hounds
  An orc priest (D:7)
  3 orc wizards (D:7)
  2 iguanas
  A worker ant (D:2)
  12 mummies (Ossuary)
  A gnoll (D:6)
  9 adders
  A shadow imp (D:8)
  An ooze (D:5)
  A worm (D:4)
  A leopard gecko (D:4)
  12 orcs
  A giant cockroach (D:2)
  A gnoll zombie (D:5)
  3 hobgoblins
  14 jackals
  3 kobolds
  2 quokkas (D:5)
  10 bats
  A frilled lizard (D:3)
  2 gnoll skeletons (Ossuary)
  A goblin (D:2)
  3 goblin skeletons (Ossuary)
  A jackal skeleton (D:5)
  3 orc skeletons (Ossuary)
  2 rats (D:3)
  11 rat skeletons (Ossuary)
  A rat zombie (D:5)
130 creatures vanquished.

Vanquished Creatures (collateral kills)
  A bullfrog zombie (D:7)
  A bullfrog skeleton (D:5)
  An orc (D:3)
3 creatures vanquished.

Vanquished Creatures (others)
  2 kobolds (D:8)
2 creatures vanquished.

Grand Total: 135 creatures vanquished

Notes
Turn   | Place    | Note
-------+----------+-------------------------------------------
     0 | D:1      | tidbits the Gnoll Transmuter began the quest for the Orb.
     0 | D:1      | Reached XP level 1. HP: 17/17 MP: 6/6
   152 | D:2      | Noticed a worker ant
   160 | D:2      | Killed a worker ant
   160 | D:2      | Reached skill level 5 in Spellcasting
   160 | D:2      | Reached XP level 2. HP: 14/23 MP: 6/8
   160 | D:2      | Reached XP level 3. HP: 18/28 MP: 6/9
   164 | D:2      | Learned a level 2 spell: Sticks to Snakes
   168 | D:2      | Learned a level 3 spell: Spider Form
   213 | D:2      | Found a stormy altar of Qazlal.
   334 | D:2      | Reached skill level 1 in Invocations
   346 | D:2      | Learned a level 1 spell: Apportation
   361 | D:2      | Learned a level 1 spell: Animate Skeleton
   377 | D:2      | Reached skill level 1 in Short Blades
   377 | D:2      | Reached skill level 1 in Long Blades
   377 | D:2      | Reached skill level 1 in Axes
   377 | D:2      | Reached skill level 1 in Maces & Flails
   377 | D:2      | Reached skill level 1 in Polearms
   377 | D:2      | Reached skill level 1 in Staves
   377 | D:2      | Reached skill level 1 in Slings
   377 | D:2      | Reached skill level 1 in Bows
   377 | D:2      | Reached skill level 1 in Crossbows
   377 | D:2      | Reached skill level 1 in Throwing
   377 | D:2      | Reached skill level 1 in Armour
   377 | D:2      | Reached skill level 1 in Stealth
   377 | D:2      | Reached skill level 1 in Shields
   377 | D:2      | Reached skill level 1 in Evocations
   434 | D:3      | Noticed a bullfrog
   474 | D:3      | Noticed a centaur
   482 | D:3      | Killed a bullfrog
   482 | D:3      | Reached skill level 1 in Conjurations
   482 | D:3      | Reached skill level 1 in Hexes
   482 | D:3      | Reached skill level 1 in Charms
   482 | D:3      | Reached skill level 1 in Summonings
   482 | D:3      | Reached skill level 1 in Necromancy
   482 | D:3      | Reached skill level 1 in Translocations
   482 | D:3      | Reached skill level 1 in Fire Magic
   482 | D:3      | Reached skill level 1 in Ice Magic
   482 | D:3      | Reached skill level 1 in Air Magic
   482 | D:3      | Reached skill level 1 in Earth Magic
   482 | D:3      | Reached skill level 1 in Poison Magic
   482 | D:3      | Reached XP level 4. HP: 34/34 MP: 7/11
   482 | D:3      | Reached XP level 5. HP: 40/40 MP: 7/12
   487 | D:3      | Killed a centaur
   487 | D:3      | Reached skill level 3 in Fighting
   487 | D:3      | Reached skill level 4 in Transmutations
   659 | D:3      | Learned a level 4 spell: Ice Form
   662 | D:3      | Found a glowing drain.
   664 | D:3      | Reached XP level 6. HP: 47/47 MP: 8/13
   672 | Sewer    | Entered a sewer
   717 | Sewer    | Reached skill level 2 in Invocations
   815 | D:3      | Reached skill level 5 in Dodging
   951 | D:5      | Entered Level 5 of the Dungeon
   952 | D:5      | Noticed an ice beast
   964 | D:5      | Killed an ice beast
   964 | D:5      | Reached skill level 2 in Short Blades
   964 | D:5      | Reached skill level 2 in Long Blades
   964 | D:5      | Reached skill level 2 in Axes
   964 | D:5      | Reached skill level 2 in Maces & Flails
   964 | D:5      | Reached skill level 2 in Polearms
   964 | D:5      | Reached skill level 2 in Staves
   964 | D:5      | Reached skill level 2 in Slings
   964 | D:5      | Reached skill level 2 in Bows
   964 | D:5      | Reached skill level 2 in Crossbows
   964 | D:5      | Reached skill level 2 in Throwing
   964 | D:5      | Reached skill level 2 in Armour
   964 | D:5      | Reached skill level 2 in Stealth
   964 | D:5      | Reached skill level 2 in Shields
   964 | D:5      | Reached skill level 2 in Evocations
   990 | D:5      | Reached XP level 7. HP: 52/52 MP: 12/15
  1024 | D:5      | Reached skill level 7 in Unarmed Combat
  1113 | D:5      | Reached skill level 2 in Conjurations
  1113 | D:5      | Reached skill level 2 in Hexes
  1113 | D:5      | Reached skill level 2 in Charms
  1113 | D:5      | Reached skill level 2 in Summonings
  1113 | D:5      | Reached skill level 2 in Necromancy
  1113 | D:5      | Reached skill level 2 in Translocations
  1113 | D:5      | Reached skill level 2 in Fire Magic
  1113 | D:5      | Reached skill level 2 in Ice Magic
  1113 | D:5      | Reached skill level 2 in Air Magic
  1113 | D:5      | Reached skill level 2 in Earth Magic
  1113 | D:5      | Reached skill level 2 in Poison Magic
  1173 | D:5      | Found a sand-covered staircase.
  1183 | Ossuary  | Entered an ossuary
  1380 | Ossuary  | Reached skill level 3 in Invocations
  1454 | D:5      | Found a deep blue altar of Sif Muna.
  1622 | D:4      | Gained mutation: You expend magic power (3 MP) to strengthen your wands. [potion of mutation]
  1622 | D:4      | Gained mutation: You have supernaturally acute eyesight. (SInv) [potion of mutation]
  1622 | D:4      | Gained mutation: Your flesh is cold resistant. (rC+) [potion of mutation]
  1729 | D:4      | Got a wizard robe
  1775 | D:4      | Identified the +1 robe "Ymiwk" {*Contam MR- rCorr Str+4} (You found it on level 4 of the Dungeon)
  1843 | D:6      | Reached XP level 8. HP: 42/60 MP: 10/16
  1886 | D:6      | Noticed Edmund
  1893 | D:6      | Found a shattered altar of Ashenzari.
  1904 | D:6      | Killed Edmund
  1904 | D:6      | Reached skill level 4 in Fighting
  1904 | D:6      | Reached skill level 3 in Short Blades
  1904 | D:6      | Reached skill level 3 in Long Blades
  1904 | D:6      | Reached skill level 3 in Axes
  1904 | D:6      | Reached skill level 3 in Maces & Flails
  1904 | D:6      | Reached skill level 3 in Polearms
  1904 | D:6      | Reached skill level 3 in Staves
  1904 | D:6      | Reached skill level 3 in Slings
  1904 | D:6      | Reached skill level 3 in Bows
  1904 | D:6      | Reached skill level 3 in Crossbows
  1904 | D:6      | Reached skill level 3 in Throwing
  1904 | D:6      | Reached skill level 3 in Armour
  1904 | D:6      | Reached skill level 3 in Stealth
  1904 | D:6      | Reached skill level 3 in Shields
  1904 | D:6      | Reached skill level 3 in Evocations
  1947 | D:6      | Found a staircase to the Ecumenical Temple.
  1956 | Temple   | Entered the Ecumenical Temple
  1983 | Temple   | Became a worshipper of Cheibriados the Contemplative
  2032 | D:6      | Reached skill level 6 in Spellcasting
  2049 | D:7      | Noticed Prince Ribbit
  2054 | D:7      | Killed Prince Ribbit
  2062 | D:7      | Noticed Pikel
  2083 | D:7      | Killed Pikel
  2083 | D:7      | Reached skill level 6 in Dodging
  2083 | D:7      | Reached skill level 3 in Conjurations
  2083 | D:7      | Reached skill level 3 in Hexes
  2083 | D:7      | Reached skill level 3 in Charms
  2083 | D:7      | Reached skill level 3 in Summonings
  2083 | D:7      | Reached skill level 3 in Necromancy
  2083 | D:7      | Reached skill level 3 in Translocations
  2083 | D:7      | Reached skill level 5 in Transmutations
  2083 | D:7      | Reached skill level 3 in Fire Magic
  2083 | D:7      | Reached skill level 3 in Ice Magic
  2083 | D:7      | Reached skill level 3 in Air Magic
  2083 | D:7      | Reached skill level 3 in Earth Magic
  2083 | D:7      | Reached skill level 3 in Poison Magic
  2083 | D:7      | Reached skill level 4 in Invocations
  2083 | D:7      | Reached XP level 9. HP: 24/66 MP: 16/18
  2127 | D:7      | Learned a level 5 spell: Blade Hands
  2142 | D:7      | Found an opulent altar of Gozag.
  2247 | D:8      | Found Yshreoxu's Magic Scroll Shoppe.
  2251 | D:8      | Bought a scroll of fog for 28 gold pieces
  2251 | D:8      | Bought a scroll of amnesia for 49 gold pieces
  2251 | D:8      | Bought a scroll of identify for 28 gold pieces
  2251 | D:8      | Bought a scroll of teleportation for 42 gold pieces
  2251 | D:8      | Bought a scroll of enchant armour for 105 gold pieces
  2304 | D:7      | Found Heoss's Food Boutique.
  2322 | D:7      | Reached skill level 4 in Short Blades
  2322 | D:7      | Reached skill level 4 in Long Blades
  2322 | D:7      | Reached skill level 4 in Axes
  2322 | D:7      | Reached skill level 4 in Maces & Flails
  2322 | D:7      | Reached skill level 4 in Polearms
  2322 | D:7      | Reached skill level 4 in Staves
  2322 | D:7      | Reached skill level 4 in Slings
  2322 | D:7      | Reached skill level 4 in Bows
  2322 | D:7      | Reached skill level 4 in Crossbows
  2322 | D:7      | Reached skill level 4 in Throwing
  2322 | D:7      | Reached skill level 4 in Armour
  2322 | D:7      | Reached skill level 4 in Stealth
  2322 | D:7      | Reached skill level 4 in Shields
  2322 | D:7      | Reached skill level 4 in Evocations
  2361 | D:7      | Reached skill level 5 in Fighting
  2364 | D:7      | Reached * piety under Cheibriados
  2459 | D:8      | Reached skill level 8 in Unarmed Combat
  2459 | D:8      | HP: 5/68 [something (7)]
  2469 | D:8      | HP: 4/68 [steam dragon/ball of steam (24)]
  2473 | D:8      | Slain by a steam dragon

Vault maps used:
D:1:      erik_arrival_triangle_small
D:2:      nicolae_qazlal_general_emergency
D:3:      portal_sewer_entry_d
D:4:      minmay_misc_feat_tower, grunt_ministairs_11
D:5:      grunt_dithmenos_smoke_and_mirrors, enter_ossuary_3, first_ration,
          minmay_misc_feat_diagonals, led_sif_book
D:6:      cheibrodos_ashenzari_chains, minmay_temple_entry_large_hall,
          serial_shops, nicolae_shop_window_shopping, uniq_sigmund, uniq_edmund
D:7:      nicolae_gozag_seed_capital, vehumet_crystals, serial_shops, shop,
          uniq_prince_ribbit1, uniq_pikel
D:8:      cheibrodos_steamvent, old_standard_altar, serial_shops,
          kennysheep_mini, shop, nicolae_shop_trees
Temple:   kb_temple_of_zot
Sewer:    sewer_big_baddie
Ossuary:  ossuary_due_small_catacomb

Skill      XL: |  1  2  3  4  5  6  7  8  9 |
---------------+----------------------------+-----
Spellcasting   | 5 6 |  6.7
Invocations    | 1 2 3 4 |  4.8
Short Blades   | 1 2 3 4 |  4.4
Long Blades    | 1 2 3 4 |  4.4
Axes           | 1 2 3 4 |  4.4
Maces & Flails | 1 2 3 4 |  4.4
Polearms       | 1 2 3 4 |  4.4
Staves         | 1 2 3 4 |  4.4
Slings         | 1 2 3 4 |  4.4
Bows           | 1 2 3 4 |  4.4
Crossbows      | 1 2 3 4 |  4.4
Throwing       | 1 2 3 4 |  4.4
Armour         | 1 2 3 4 |  4.4
Stealth        | 1 2 3 4 |  4.4
Shields        | 1 2 3 4 |  4.4
Evocations     | 1 2 3 4 |  4.4
Conjurations   | 1 2 3 |  3.6
Hexes          | 1 2 3 |  3.6
Charms         | 1 2 3 |  3.6
Summonings     | 1 2 3 |  3.6
Necromancy     | 1 2 3 |  3.6
Translocations | 1 2 3 |  3.6
Fire Magic     | 1 2 3 |  3.6
Ice Magic      | 1 2 3 |  3.6
Air Magic      | 1 2 3 |  3.6
Earth Magic    | 1 2 3 |  3.6
Poison Magic   | 1 2 3 |  3.6
Fighting       | 3 4 5 |  5.2
Transmutations | 4 5 |  5.3
Dodging        | 5 6 |  6.4
Unarmed Combat | 7 8 |  8.0

Action                   |  1- 3 |  4- 6 |  7- 9 || total
-------------------------+-------+-------+-------++-------
Melee: Unarmed           |    39 |    53 |   231 ||   323
       Headbutt          |     7 |       |       ||     7
       Bite              |     1 |       |     5 ||     6
       Punch             |       |       |     1 ||     1
Throw: Tomahawk          |       |       |     6 ||     6
 Cast: Beastly Appendage |     5 |       |       ||     5
       Spider Form       |     5 |     4 |     3 ||    12
       Apportation       |     1 |       |       ||     1
       Sticks to Snakes  |       |     5 |    12 ||    17
       Ice Form          |       |     4 |    16 ||    20
       Blade Hands       |       |       |     3 ||     3
 Abil: End Transformatio |       |     1 |     1 ||     2
  Use: Scroll            |       |     5 |     4 ||     9
       Potion            |       |       |     7 ||     7
 Stab: Sleeping          |       |     1 |     7 ||     8
       Distracted        |       |       |     1 ||     1
  Eat: Chunk             |       |     1 |     4 ||     5
       Ration            |       |       |     2 ||     2
Armor: Robe              |     2 |     1 |     4 ||     7
       Skin              |     3 |    16 |    27 ||    46
Dodge: Dodged            |    29 |    68 |   111 ||   208

Table legend:
 A = Spawn XP
 B = Non-spawn XP
 C = Spawn XP percentage of total XP
 D = Spawn monster count
 E = Non-spawn monster count
 F = Spawn count percentage of total count
 G = Total turns spent on level
                    A         B        C        D         E        F      G
               +---------+---------+-------+---------+---------+-------+---------
         Total |       0 |    3940 |   0.0 |       0 |     132 |   0.0 |  2473
               +---------+---------+-------+---------+---------+-------+---------
           D:1 |       0 |       9 |   0.0 |       0 |       5 |   0.0 |   146
           D:2 |       0 |      69 |   0.0 |       0 |       9 |   0.0 |   265
           D:3 |       0 |     273 |   0.0 |       0 |      18 |   0.0 |   411
           D:4 |       0 |      70 |   0.0 |       0 |       5 |   0.0 |   377
           D:5 |       0 |     426 |   0.0 |       0 |      25 |   0.0 |   270
           D:6 |       0 |     436 |   0.0 |       0 |       7 |   0.0 |   195
           D:7 |       0 |    1829 |   0.0 |       0 |      20 |   0.0 |   309
           D:8 |       0 |     491 |   0.0 |       0 |       6 |   0.0 |    91
         Sewer |       0 |     104 |   0.0 |       0 |       6 |   0.0 |   101
       Ossuary |       0 |     233 |   0.0 |       0 |      31 |   0.0 |   253
               +---------+---------+-------+---------+---------+-------+---------

Table legend:
 A = Turns spent in this place as a percentage of turns spent in the entire game.
 B = Non-inter-level travel turns spent in this place as a percentage of non-inter-level travel turns spent in the entire game.
 C = Inter-level travel turns spent in this place as a percentage of turns spent in this place.
 D = Turns resting spent in this place as a percentage of non-inter-level travel turns spent in this place.
 E = Turns spent auto-exploring this place as a percentage of non-inter-level travel turns spent in this place.
 F = Non-inter-level travel turns spent in this place divided by the number of levels of this place that you've seen.
                   A       B       C       D       E      F
               +-------+-------+-------+-------+-------+----------------------
         Total | 100.0 | 100.0 |   3.2 |   0.0 |   0.0 | 217.7
       Dungeon |  83.5 |  84.0 |   2.6 |   0.0 |   0.0 | 251.4
        Temple |   2.2 |   1.3 |  45.5 |   0.0 |   0.0 |  30.0
         Sewer |   4.1 |   4.2 |   0.0 |   0.0 |   0.0 | 101.0
       Ossuary |  10.2 |  10.6 |   0.0 |   0.0 |   0.0 | 253.0
               +-------+-------+-------+-------+-------+----------------------

Table legend:
 A = Kills in this place as a percentage of kills in entire the game.
 B = Kills by you in this place as a percentage of kills by you in the entire game.
 C = Kills by friends in this place as a percentage of kills by friends in the entire game.
 D = Other kills in this place as a percentage of other kills in the entire game.
 E = Experience gained in this place as a percentage of experience gained in the entire game.
 F = Experience gained in this place divided by the number of levels of this place that you have seen.
                   A       B       C       D       E      F
               +-------+-------+-------+-------+-------+----------------------
         Total | 100.0 | 100.0 | 100.0 |   N/A | 100.0 | 358.2
       Dungeon |  72.0 |  71.3 | 100.0 |   N/A |  91.4 | 450.4
         Sewer |   4.5 |   4.7 |   0.0 |   N/A |   2.6 | 104.0
       Ossuary |  23.5 |  24.0 |   0.0 |   N/A |   5.9 | 233.0
               +-------+-------+-------+-------+-------+----------------------

Vault maps used:
D:1:      erik_arrival_triangle_small
D:2:      nicolae_qazlal_general_emergency
D:3:      portal_sewer_entry_d
D:4:      minmay_misc_feat_tower, grunt_ministairs_11
D:5:      grunt_dithmenos_smoke_and_mirrors, enter_ossuary_3, first_ration,
          minmay_misc_feat_diagonals, led_sif_book
D:6:      cheibrodos_ashenzari_chains, minmay_temple_entry_large_hall,
          serial_shops, nicolae_shop_window_shopping, uniq_sigmund, uniq_edmund
D:7:      nicolae_gozag_seed_capital, vehumet_crystals, serial_shops, shop,
          uniq_prince_ribbit1, uniq_pikel
D:8:      cheibrodos_steamvent, old_standard_altar, serial_shops,
          kennysheep_mini, shop, nicolae_shop_trees
Temple:   kb_temple_of_zot
Sewer:    sewer_big_baddie
Ossuary:  ossuary_due_small_catacomb
